 Dungeon Crawl Stone Soup version 0.31-a0-40-g1d5085d191 (webtiles) character file.

Game seed: 13430537545169916791

292 vineage the Trooper (level 6, -2/40 HPs)
             Began as a Gargoyle Fighter on May 17, 2023.
             Slain by Duvessa
             ... wielding a +1 rapier of distortion
              (3 damage)
             ... on level 4 of the Dungeon.
             The game lasted 00:03:49 (3177 turns).

vineage the Trooper (Gargoyle Fighter)              Turns: 3177, Time: 00:03:49

Health: -2/40      AC: 34    Str: 23    XL:     6   Next: 33%
Magic:  0/0        EV:  3    Int:  9    God:
Gold:   291        SH:  4    Dex: 11    Spells: 5/5 levels left

rFire   . . .        u - +0 trident of Saonk {heavy, rN++}
rCold   . . .        c - +0 buckler
rNeg    + + +        e - +14 crystal plate armour "Nopnau" {Fly MP-9 Str+4}
rPois   ∞            (no helmet)
rElec   +            (no cloak)
rCorr   .            (no gloves)
SInv    .            (no boots)
Will    .....        (no amulet) Stlth
                     (no ring)
HPRegen 0.26/turn    (no ring)
MPRegen 0.07/turn

%: no passive effects
@: mighty, flying
A: sickness immunity, AC +4, negative energy resistance 1, electricity
resistance, torment resistance 1, petrification resistance
a: no special abilities


You were on level 4 of the Dungeon.
You visited 1 branch of the dungeon, and saw 4 of its levels.

You collected 291 gold pieces.

Inventory:

Hand Weapons
 a - a +1 trident
 u - the +0 trident of Saonk (weapon) {heavy, rN++}
   (You found it on level 4 of the Dungeon)

   rN:        It greatly protects you from negative energy.
Armour
 b - a +0 scale mail
 c - a +0 buckler (worn)
 e - the +14 crystal plate armour "Nopnau" (worn) {Fly MP-9 Str+4}
   (You acquired it on level 4 of the Dungeon)

   Str:       It affects your strength (+4).
   MP:        It affects your magic capacity (-9).
   Fly:       It grants you flight.
 k - a +3 ring mail
Jewellery
 i - a ring of wizardry
 p - a ring of positive energy
 v - a ring of ice
Scrolls
 g - 2 scrolls of fog
 j - 2 scrolls of teleportation
 t - a scroll of amnesia
 x - a scroll of identify
Potions
 d - a potion of might
 f - 2 potions of resistance
 h - a potion of brilliance {unknown}
 l - a potion of cancellation
 m - a potion of haste
 n - a potion of curing
 o - a potion of attraction
 q - a potion of mutation
 r - 2 potions of ambrosia
 s - a potion of invisibility {unknown}
 w - a potion of degeneration {unknown}


   Skills:
 + Level 5.0 Fighting
 * Level 4.9 Polearms
 - Level 3.2 Armour
 - Level 3.2 Shields


You had 5 spell levels left.
You didn't know any spells.
Your spell library contained the following spells:

 Spells                   Type           Power      Damage    Failure   Level
 Freeze                   Ice            0%         1d3       100%        1
 Sandblast                Erth           0%         2d4       100%        1
 Passwall                 Tmut/Erth      0%         N/A       100%        2
 Frozen Ramparts          Ice            0%         1d1       100%        3
 Hailstorm                Conj/Ice       0%         3d3       100%        3
 Stone Arrow              Conj/Erth      0%         3d7       100%        3


Dungeon Overview and Level Annotations

Branches:
Dungeon (4/15)
 Temple: D:4-7

Altars:
Nemelex Xobeh
Uskayaw

Annotations:
D:4 Dowan, Duvessa


Innate Abilities, Weirdness & Mutations

You are immune to sickness and miasma.
Your stone body is resilient. (AC +4)
You are immune to poison.
You resist negative energy. (rN+)
You are resistant to electric shocks. (rElec)
You are resistant to unholy torment.
You are immune to petrification.


Message History

a book of Decay; a +0 spear Duvessa is nearby!
Duvessa is nearby!
Duvessa is nearby!
Duvessa shouts!
You feel very mighty all of a sudden.
Duvessa hits you with a +1 rapier of distortion.
Space warps around you.
You puncture Duvessa!
Duvessa is moderately wounded.
Duvessa hits you but does no damage. Space warps around you.
Duvessa hits you with a +1 rapier of distortion.
You blink.
No target in view!
No target in view!
No target in view!
No target in view!
No target in view!
No target in view!
No target in view!
No target in view!
No target in view!
You impale Duvessa!!
Duvessa is almost dead.
Duvessa barely misses you. Duvessa hits you but does no damage.
You blink.
You closely miss Duvessa.
Duvessa is severely wounded.
Duvessa hits you but does no damage. Space warps around you.
You closely miss Duvessa.
Duvessa is severely wounded.
Dowan shouts!
Dowan mumbles some strange words.
Dowan blinks!
Duvessa says, "When magic and the sword combine, nothing stands against them."
Duvessa hits you but does no damage. Space warps horribly around you!
* * * LOW HITPOINT WARNING * * *
Duvessa hits you with a +1 rapier of distortion.
* * * LOW HITPOINT WARNING * * *
Space warps around you.
You die...

.# .# #+#
.########.########
.##.. ...##.. ..#
)##.# ##.##.# #.#
.##.####...#.# #.# #
.............###.##§#
.##.##..........e...#
.##.#####.##.###@###
.##.#####>##.###e#
.##.......##.)..:#
#########.########
###.##### #.......#
## #.#.###.# #####.
#######.#.###.#
#.....
...........##.#######
#.###.


You could see Duvessa and Dowan.

Vanquished Creatures
  A scorpion (D:4)
  A hound (D:4)
  2 iguanas (D:4)
  Robin (D:2)
  5 adders
  2 dart slugs
  6 orcs (D:4)
  8 endoplasms
  2 giant cockroaches
  12 hobgoblins
  3 jackals (D:1)
  2 quokkas
  10 ball pythons
  3 bats
  3 frilled lizards
  13 goblins
  4 kobolds
  3 rats
81 creatures vanquished.

Notes
Turn   | Place    | Note
-------+----------+-------------------------------------------
     0 | D:1      | vineage the Gargoyle Fighter began the quest for the Orb.
     0 | D:1      | Reached XP level 1. HP: 14/14 MP: 1/1
   143 | D:1      | Reached XP level 2. HP: 18/19 MP: 2/2
   416 | D:1      | Reached XP level 3. HP: 23/24 MP: 3/3
   907 | D:2      | Noticed Robin
  1091 | D:2      | Reached skill level 4 in Fighting
  1095 | D:2      | Reached XP level 4. HP: 24/29 MP: 4/4
  1475 | D:2      | Killed Robin
  1733 | D:3      | Reached XP level 5. HP: 34/34 MP: 5/5
  2103 | D:3      | Found a faded altar of an unknown god.
  2311 | D:4      | Identified a scroll of acquirement
  2311 | D:4      | Acquired the +14 crystal plate armour "Nopnau" {Fly MP-9
                  | Str+4}
  2339 | D:4      | Identified the +0 trident of Saonk {heavy, rN++}
  2376 | D:4      | Found a sparkling altar of Nemelex Xobeh.
  2712 | D:4      | Found a hide-covered altar of Uskayaw.
  2714 | D:4      | Reached XP level 6. HP: 40/40 MP: 0/6
  2735 | D:4      | Reached skill level 5 in Fighting
  2801 | D:4      | Noticed Dowan
  2807 | D:4      | Noticed Duvessa
  3177 | D:4      | HP: 1/40 [Duvessa/+1 rapier of distortion (4)]
  3177 | D:4      | Slain by Duvessa

Illustrated notes

Levels and vault maps discovered:
D:1:      co_arrival_random_square_maze, layout_loops_ring
D:2:      layout_rooms, kennysheep_pointless_box, uniq_robin
D:3:      layout_basic, shapermc_ecumenical_altar_gd,
          ebering_dispersal_statue_hall
D:4:      layout_loops_corners, lemuel_tele_altar, kennysheep_mini_moat,
          minmay_temple_entry_fiery, kennysheep_generic_room_7, uniq_duvessa

Skill      XL: |  1  2  3  4  5  6 |
---------------+-------------------+-----
Polearms       | 2 3 4 |  4.9
Fighting       | 4 5 |  5.0
Armour         | |  3.2
Shields        | |  3.2

Action                     |  1- 3 |  4- 6 || total
---------------------------+-------+-------++-------
  Melee: Trident           |   103 |   160 ||   263
    Use: Scroll            |       |    14 ||    14
         Potion            |       |     2 ||     2
 Armour: Scale mail        |    19 |       ||    19
         Ring mail         |    17 |    63 ||    80
         Crystal plate arm |       |    39 ||    39
  Dodge: Dodged            |    52 |    64 ||   116
  Block: Buckler           |    18 |    36 ||    54

Table legend: (Time is in decaauts)
 A = Elapsed time spent in this place.
 B = Non-inter-level travel time spent in this place.
 C = Inter-level travel time spent in this place.
 D = Time resting spent in this place.
 E = Time spent auto-exploring this place.
 F = Levels seen in this place.
 G = Mean time per level.
                   A        B        C        D        E       F      G
               +--------+--------+--------+--------+--------+-----+--------+
         Total |   3246 |   3133 |    113 |    416 |   2116 |   4 |  811.5 |
       Dungeon |   3246 |   3133 |    113 |    416 |   2116 |   4 |  811.5 |
               +--------+--------+--------+--------+--------+-----+--------+

Top non-repeatable levels by time:
     D:1: 947 daAuts
     D:4: 898 daAuts
     D:3: 731 daAuts
     D:2: 670 daAuts
